Kradschützen Motorcycle Team
Construct Light Support Kompanie
le.IG 18 Support Gun Team
Selects L6/40 Light Tank Combat Group
Construct Panzerarmee Kommand
Walking Stuka Rocket Launcher
Selects Defensive Operations
Selects Territory Booby Traps
Selects Obice 305mm Barrage
Panzerjäger Mechanized Group
Flak 36 Anti-tank Gun Team
Selects Towed Cannone da 105/28 Field Howitzer
Walking Stuka Rocket Launcher
Flak 36 Anti-tank Gun Team